 Dungeon Crawl Stone Soup version 0.31-a0-204-g7da18cac08 (webtiles) character file.

Game seed: 18320159736652529603

102 qw the Shooter (level 4, -4/25 HPs)
             Began as a Deep Elf Hunter on June 27, 2023.
             Slain by Sigmund
             ... wielding a +0 scythe
              (9 damage)
             ... on level 2 of the Dungeon.
             The game lasted 00:00:30 (1095 turns).

qw the Shooter (Deep Elf Hunter)                    Turns: 1095, Time: 00:00:31

Health: -4/25      AC:  5    Str: 10    XL:     4   Next: 49%
Magic:  6/6        EV: 11    Int: 14    God:
Gold:   68         SH:  0    Dex: 18    Spells: 3/3 levels left

rFire   . . .        Y - +0 shortbow
rCold   . . .        (shield currently unavailable)
rNeg    . . .        e - +0 ring mail
rPois   .            (no helmet)
rElec   .            (no cloak)
rCorr   .            (no gloves)
SInv    .            (no boots)
Will    .....        (no amulet) Stlth
                     (no ring)
HPRegen 0.24/turn    (no ring)
MPRegen 0.10/turn

%: no passive effects
@: confused
A: no striking features
a: no special abilities


You were on level 2 of the Dungeon.
You visited 1 branch of the dungeon, and saw 2 of its levels.

You collected 68 gold pieces.


   Skills:
 - Level 1.5 Fighting
 + Level 7.9 Ranged Weapons
 - Level 2.4 Dodging
 - Level 1.2 Stealth


You had 3 spell levels left.
You didn't know any spells.
Your spell library was empty.

Inventory:

Hand Weapons
 Y - a +0 shortbow (weapon)
Armour
 e - a +0 ring mail (worn)
Jewellery
 c - a +4 ring of slaying {mikee}
Scrolls
 b - a scroll of enchant weapon {unknown}
Potions
 a - a potion of attraction {unknown}
 d - a potion of curing {unknown}
 f - a potion of cancellation {unknown}
 g - a potion of mutation {unknown}
 h - a potion of heal wounds {unknown}

Dungeon Overview and Level Annotations

Branches:
Dungeon (2/15)

Altars:

Annotations:
D:2 Sigmund


Message History

Enter note:
Enter note: You shoot an arrow.
The arrow hits Sigmund.
Sigmund is lightly wounded.
You shoot an arrow. The arrow barely misses Sigmund.
You shoot an arrow. The arrow closely misses Sigmund.
You shoot an arrow.
The arrow hits Sigmund but does no damage.
Sigmund is lightly wounded.
Sigmund barely misses you.
You shoot an arrow. The arrow hits Sigmund.
Sigmund is moderately wounded.
You shoot an arrow. The arrow barely misses Sigmund.
Sigmund gestures at you while chanting.
You are confused.
Sigmund hits you from afar with a +0 scythe!
Sigmund hits you but does no damage.
Sigmund hits you from afar with a +0 scythe!
Enter note:
Enter note:
Enter note:
Enter note: Sigmund hits you but does no damage.
You feel less confused. Sigmund hits you but does no damage.
Enter note:
Enter note:
Enter note:
Enter note:
Enter note:
Enter note:
Enter note:
Enter note: Sigmund looks at you with fury.
Sigmund points at you and mumbles some strange words.
You are confused.
Sigmund barely misses you.
Sigmund hits you from afar with a +0 scythe.
Sigmund hits you from afar with a +0 scythe!
You die...

....#...#.....#...#.# #..
.#....7....#....7...# #..
....#...#.....#...### #..
..7.......7.7...### #..
#.............### #.# ###
#.........#### #.# ..#
#.........# #. ..#
######'############ #.# ..#
#..@.@........ # ..#
################ # ..#
#.#.#...#.#.# ###
..################.#..#..#)##
#..
....|..........##.#..###%)#.#
#..
..########.....###..##.##..##
#.. ..# #......#..##..%##..#
#.[ ### #........##........#
#.. #.....##..##...##..###..


You could see Sigmund.

Vanquished Creatures
  Jessica (D:2)
  Natasha (D:2)
  2 adders (D:2)
  5 endoplasms
  2 goblins (D:2)
  5 hobgoblins
  2 quokkas (D:1)
  2 ball pythons (D:2)
  4 bats
  2 frilled lizards
  2 kobolds
  5 rats (D:2)
33 creatures vanquished.

Notes
Turn   | Place    | Note
-------+----------+-------------------------------------------
     0 | D:1      | qw the Deep Elf Hunter began the quest for the Orb.
     0 | D:1      | Reached XP level 1. HP: 12/12 MP: 3/3
     0 | D:1      | 0 ||| qw: Version: 0.3-a-22-g0ed2b0b
     0 | D:1      | 0 ||| qw: Game counter: 6616
     0 | D:1      | 0 ||| qw: Melee chars always use a shield: true
     0 | D:1      | 0 ||| qw: God list: Okawaru
     0 | D:1      | 0 ||| qw: Allow faded altars: false
     0 | D:1      | 0 ||| qw: Do Orc after clearing Dungeon:15 true
     0 | D:1      | 0 ||| qw: Do second Lair branch before Depths: true
     0 | D:1      | 0 ||| qw: Lair rune preference: random
     0 | D:1      | 0 ||| qw: Goals: Normal
     0 | D:1      | 0 ||| PLANNING D:1-11
   119 | D:1      | Reached skill level 6 in Ranged Weapons
   119 | D:1      | Reached XP level 2. HP: 13/16 MP: 4/4
   473 | D:1      | 473 ||| UPGRADING to +0 ring mail.
   483 | D:1      | 483 ||| DROPPING +0 leather armour.
   484 | D:1      | 484 ||| DROPPING ring of magical power.
   485 | D:1      | 485 ||| READING 2 scrolls labelled FUEQIOD FARCHAACW.
   486 | D:1      | 486 ||| READING scroll labelled UPHOAQ PYSU.
   487 | D:1      | 487 ||| READING 2 scrolls labelled HIMOJ OCAWIOKA.
   488 | D:1      | 488 ||| READING scroll labelled XARUAST SERE.
   489 | D:1      | 489 ||| READING scroll labelled TISOUS FAICKAS.
   494 | D:1      | 494 ||| READING scroll labelled KYSESO RERUPH.
   495 | D:1      | 495 ||| DROPPING scroll of vulnerability.
   496 | D:1      | 496 ||| DROPPING scroll of butterflies.
   497 | D:1      | 497 ||| DROPPING scroll of noise.
   592 | D:2      | Noticed Natasha
   601 | D:2      | HP: 3/16 [Natasha (3)]
   606 | D:2      | Killed Natasha
   607 | D:2      | Reached skill level 7 in Ranged Weapons
   607 | D:2      | Reached XP level 3. HP: 4/20 MP: 5/5
   752 | D:2      | Noticed Jessica
   753 | D:2      | Killed Jessica
   754 | D:2      | Reached XP level 4. HP: 25/25 MP: 6/6
  1074 | D:2      | Noticed Sigmund
  1094 | D:2      | HP: 5/25 [Sigmund/+0 scythe (5)]
  1095 | D:2      | Slain by Sigmund

Levels and vault maps discovered:
D:1:      sevenhm_arrival_forest_fort_small_4, layout_rooms
D:2:      minmay_diamond_boxcup, layout_basic, nicolae_kite_square_tiling_tiny,
          nicolae_figureground_pulse, uniq_crazy_yiuf_cottage, uniq_jessica,
          uniq_sigmund, uniq_natasha

Skill      XL: |  1  2 |
---------------+-------+-----
Ranged Weapons | 6 7 |  7.9
Fighting       | |  1.5
Dodging        | |  2.4
Stealth        | |  1.2

Action                     |  1- 3 |  4- 6 || total
---------------------------+-------+-------++-------
   Fire: Shortbow          |    66 |    31 ||    97
    Use: Scroll            |     6 |       ||     6
 Armour: Leather armour    |     2 |       ||     2
         Ring mail         |     1 |     5 ||     6
  Dodge: Dodged            |    16 |     5 ||    21

Table legend:
 A = Non-vault XP
 B = Vault XP
 C = Vault XP percentage of total XP
 D = Non-vault monster count
 E = Vault monster count
 F = Vault count percentage of total count
                 A         B        C        D         E       F
            +---------+---------+-------+---------+---------+-------
      Total |      48 |      98 |  67.1 |      23 |      10 |  30.3
            +---------+---------+-------+---------+---------+-------
        D:1 |      20 |       0 |   0.0 |      12 |       0 |   0.0
        D:2 |      28 |      98 |  77.8 |      11 |      10 |  47.6
            +---------+---------+-------+---------+---------+-------
